 Dungeon Crawl Stone Soup version 0.28.0-53-g5a82cb258f (webtiles) character file.

Game seed: 12317422542966003641

420 Zeld the Ruffian (level 6, -3/50 HPs)
             Began as a Draconian Transmuter on May 21, 2022.
             Shot with an arrow by a centaur (11 damage)
             ... on level 5 of the Dungeon.
             The game lasted 00:04:04 (5316 turns).

Zeld the Ruffian (Draconian Transmuter)             Turns: 5316, Time: 00:04:05

Health: -3/50      AC:  2    Str: 14    XL:     6   Next: 62%
Magic:  10/11      EV: 20    Int: 13    God:
Gold:   237        SH:  0    Dex: 17    Spells: 2/12 levels left

rFire   . . .      SeeInvis .     - Unarmed
rCold   . . .      Faith    .   (shield currently unavailable)
rNeg    . . .      Spirit   .   (armour unavailable)
rPois   x          Reflect  .   (helmet currently unavailable)
rElec   .          Harm     .   (cloak currently unavailable)
rCorr   .          Rampage  .   (gloves currently unavailable)
Will    .....                   (boots currently unavailable)
Stlth   ++........              (no amulet)
HPRegen 0.16/turn               (no ring)
MPRegen 0.12/turn               (no ring)

@: spider-form (expiring)
A: venomous fangs, AC +6, tiny, unfitting armour, (cold-blooded)
a: End Transformation


You were on level 5 of the Dungeon.
You were a venomous arachnid creature.
You visited 1 branch of the dungeon, and saw 5 of its levels.

You collected 237 gold pieces.

Inventory:

Hand Weapons
 j - the +9 whip of the Screaming Wolf (melded) {vorpal, *Corrode rPois Int+8 Dex-3}
   (You found it on level 2 of the Dungeon)

   It inflicts extra damage upon your enemies.
   Int:       It affects your intelligence (+8).
   Dex:       It affects your dexterity (-3).
   rPois:     It protects you from poison.
   *Corrode:  It may corrode you when you take damage.
Armour
 d - a +1 hat (melded)
 p - a +0 cloak (melded)
Jewellery
 n - a ring of flight
Wands
 s - a wand of charming (7)
Scrolls
 c - a scroll of noise {unknown}
 e - 2 scrolls of magic mapping {unknown}
 f - a scroll of holy word {unknown}
 g - 5 scrolls of identify {unknown}
 k - a scroll of enchant armour {unknown}
 m - a scroll of summoning {unknown}
 r - a scroll of fear {unknown}
Potions
 a - a potion of curing {unknown}
 b - a potion of haste {unknown}
 h - a potion of heal wounds {unknown}
 i - a potion of magic {unknown}
 l - a potion of degeneration {unknown}
 o - 2 potions of mutation {unknown}
 q - a potion of flight {unknown}
 t - a potion of lignification {unknown}


   Skills:
 + Level 2.6 Fighting
 + Level 2.7 Dodging
 + Level 3.7 Unarmed Combat
 * Level 3.5 Spellcasting
 * Level 3.7 Transmutations
 - Level 2.0 Ice Magic
 - Level 2.0 Poison Magic


You had 2 spell levels left.
You knew the following spells:

 Your Spells              Type           Power      Damage    Failure   Level
a - Beastly Appendage     Tmut           22%        N/A       14%         1
b - Wereblood             Tmut           11%        N/A       19%         2
c - Spider Form           Tmut/Pois      9%         N/A       41%         3
d - Ice Form              Ice/Tmut       9%         N/A       77%         4

Your spell library contained the following spells:

 Spells                   Type           Power      Damage    Failure   Level
 Tukima's Dance           Hex            2%         N/A       75%         3
 Passage of Golubria      Tloc           2%         N/A       98%         4
 Yara's Violent Unravell  Hex/Tmut       3%         3d4       99%         5
 Borgnjor's Revivificati  Necr           1%         N/A       100%        8
 Necromutation            Tmut/Necr      3%         N/A       100%        8
 Death's Door             Necr           1%         N/A       100%        9


Dungeon Overview and Level Annotations

Branches:
Dungeon (5/15)
 Temple: D:4-7

Altars:


Innate Abilities, Weirdness & Mutations

You are a venomous arachnid creature.
You have poisonous fangs.
You are tiny and dextrous.
Your spellcasting is less reliable in this form.
Your armour is entirely melded.
You are incapable of wielding weapons or throwing items.
((Your plain brown scales are hard. (AC +6)))
You cannot fit into any form of body armour.
((You are cold-blooded and may be slowed by cold attacks.))


Message History

You kill the howler monkey!
The ufetubus completely misses you. The ufetubus closely misses you.
The ufetubus barely misses you. The ufetubus completely misses you.
The ufetubus barely misses you. The ufetubus hits you.
You closely miss the ufetubus. The ufetubus closely misses you.
The ufetubus misses you.
Found 16 gold pieces.
The ufetubus hits you. The ufetubus completely misses you.
You closely miss the ufetubus. The ufetubus misses you. x2
The ufetubus hits you but does no damage.
The ufetubus barely misses you.
You hit the ufetubus.
The ufetubus is poisoned.
The ufetubus is heavily wounded.
Your transformation is almost over.
The ufetubus misses you. The ufetubus barely misses you.
A centaur comes into view.
There are monsters nearby!
You barely miss the ufetubus.
The ufetubus is heavily wounded.
An ufetubus comes into view.
The ufetubus completely misses you. x2; The centaur wields a +0 shortbow.
The centaur shoots an arrow.
The arrow misses you.
A centaur comes into view.
The ufetubus misses you. x2
You kill the ufetubus!
The centaur wields a +0 shortbow.
The centaur shoots an arrow.
The arrow closely misses you.
The centaur shoots an arrow.
The arrow barely misses you.
The centaur shoots an arrow.
The arrow closely misses you.
The centaur shoots an arrow.
The arrow misses you.
The centaur shoots an arrow.
The arrow hits you.
The centaur shoots an arrow.
The arrow misses you.
The centaur shoots an arrow.
The arrow hits you.
The centaur shoots an arrow.
The arrow misses you.
The centaur shoots an arrow.
The arrow hits you!
The centaur shoots an arrow.
The arrow closely misses you.
The centaur shoots an arrow.
The arrow closely misses you.
The centaur shoots an arrow.
The arrow hits you!
* * * LOW HITPOINT WARNING * * *
The centaur shoots an arrow.
The arrow hits you!
You die...

##... .5. #..#[
#c# .....###.#.#
). #...$.#.# #.#.
#.....#.# ##.
...##.......###..
...#......##...#
#.#......c..#
..##.....s.....#
...............#
####.........#
#<........#
..##.........#
.............#
#............#
#####......###
#......#


You could see 2 centaurs.

Vanquished Creatures
  A scorpion (D:4)
  A water moccasin skeleton (D:4)
  A howler monkey (D:5)
  Crazy Yiuf (D:3)
  Ijyb (D:3)
  An orc wizard (D:3)
  Terence (D:3)
  6 adders
  3 gnolls (D:3)
  An ufetubus (D:5)
  A worm (D:3)
  2 dart slugs
  8 orcs
  7 ball pythons
  7 endoplasms
  7 giant cockroaches
  4 goblins
  4 hobgoblins
  7 jackals
  A quokka (D:4)
  3 bats (D:3)
  7 frilled lizards
  3 kobolds (D:1)
  5 rats
83 creatures vanquished.

Vanquished Creatures (others)
  A ball python (D:3)
1 creature vanquished.

Grand Total: 84 creatures vanquished

Notes
Turn   | Place    | Note
-------+----------+-------------------------------------------
     0 | D:1      | Zeld the Draconian Transmuter began the quest for the Orb.
     0 | D:1      | Reached XP level 1. HP: 16/16 MP: 3/3
   282 | D:1      | Reached XP level 2. HP: 20/23 MP: 1/5
   291 | D:1      | Learned a level 2 spell: Wereblood
   645 | D:1      | Found a faded altar of an unknown god.
   826 | D:2      | Reached XP level 3. HP: 17/28 MP: 4/6
   830 | D:2      | Learned a level 3 spell: Spider Form
  1030 | D:2      | Reached skill level 1 in Poison Magic
  1252 | D:2      | Reached skill level 1 in Ice Magic
  1351 | D:2      | Identified the +9 whip of the Screaming Wolf {vorpal,
                  | *Corrode rPois Int+8 Dex-3}
  2336 | D:3      | Reached XP level 4. HP: 32/35 MP: 7/7
  2422 | D:3      | Noticed Ijyb
  3039 | D:3      | Killed Ijyb
  3415 | D:3      | Found a runed translucent door.
  3416 | D:3      | Noticed Crazy Yiuf
  3704 | D:3      | Reached XP level 5. HP: 20/41 MP: 6/9
  3949 | D:3      | Noticed Terence
  3964 | D:3      | Killed Terence
  4321 | D:3      | Killed Crazy Yiuf
  4492 | D:4      | Learned a level 4 spell: Ice Form
  4518 | D:4      | Reached XP level 6. HP: 36/48 MP: 7/10
  5215 | D:5      | Entered Level 5 of the Dungeon
  5229 | D:5      | Noticed a two-headed ogre
  5316 | D:5      | Shot with an arrow by a centaur

Illustrated notes

Levels and vault maps discovered:
D:1:      minmay_arrival_wavy_path, layout_rooms,
          shapermc_ecumenical_altar_pompeii, grunt_decor_cap
D:2:      layout_basic
D:3:      layout_loops_corners, eino_tiny_chamber, uniq_ijyb, uniq_terence,
          uniq_crazy_yiuf_cottage
D:4:      layout_loops_cross
D:5:      layout_rooms, temple_pool_b

Skill      XL: |  1  2  3  4  5  6 |
---------------+-------------------+-----
Dodging        | 2 |  2.7
Poison Magic   | 1 2 |  2.0
Ice Magic      | 1 2 |  2.0
Fighting       | 2 |  2.6
Transmutations | 3 |  3.7
Spellcasting   | 3 |  3.5
Unarmed Combat | |  3.7

Action                   |  1- 3 |  4- 6 || total
-------------------------+-------+-------++-------
Melee: Unarmed           |    89 |    97 ||   186
       Headbutt          |     6 |       ||     6
       Kick              |     8 |     4 ||    12
       Tailslap          |     7 |     1 ||     8
       Whip              |    32 |    35 ||    67
       Punch             |     2 |     1 ||     3
 Cast: Beastly Appendage |    17 |     2 ||    19
       Spider Form       |       |    15 ||    15
Armor: Skin              |    58 |    16 ||    74
Dodge: Dodged            |   104 |   125 ||   229
